 Dungeon Crawl Stone Soup version 0.21-a0-349-g0c35859 (webtiles) character file.

1649 TheGoonsmith the Cleaver (level 9, -5/71 HPs)
             Began as a Formicid Fighter on Oct 8, 2017.
             Was a Believer of Uskayaw.
             Slain by a two-headed ogre
             ... wielding a +0 giant club
              (16 damage)
             ... on level 8 of the Dungeon.
             The game lasted 00:12:37 (6461 turns).

TheGoonsmith the Cleaver (Formicid Fighter)         Turns: 6461, Time: 00:12:37

Health: -5/71      AC: 12    Str: 24    XL:     9   Next: 19%
Magic:  9/9        EV:  6    Int:  8    God:    Uskayaw [**....]
Gold:   143        SH: 11    Dex: 10    Spells: 8/8 levels left

rFire    . . .     SeeInvis +   a - +0 war axe
rCold    . . .     Gourm    .   c - +0 shield
rNeg     . . .     Faith    .   y - +0 plate armour
rPois    .         Spirit   .   (helmet unavailable)
rElec    .         Reflect  .   w - scarf {cloud immunity}
rCorr    .         Harm     .   u - +0 pair of gloves
MR       .....                  (no boots)
Stlth    ..........             (no amulet)
HPRegen  0.21/turn              s - ring of flight
MPRegen  0.11/turn              (no ring)

@: very slightly contaminated, invisible
A: permanent stasis, dig shafts and tunnels, four strong arms, antennae 3
a: Dig, Shaft Self, Stomp, Line Pass, Renounce Religion, Evoke Flight


You were on level 8 of the Dungeon.
You worshipped Uskayaw.
Uskayaw was noncommittal.
You were not hungry.

You visited 1 branch of the dungeon, and saw 8 of its levels.

You collected 313 gold pieces.
You spent 170 gold pieces at shops.

Inventory:

Hand Weapons
 a - a +0 war axe (weapon)
 b - a +1 hunting sling of velocity
 A - a +1 hunting sling of flaming
Missiles
 e - a throwing net (quivered)
Armour
 c - a +0 shield (worn)
 l - a +0 scale mail
 m - a +0 chain mail
 u - a +0 pair of gloves (worn)
 w - a scarf of cloud immunity (worn)
 y - a +0 plate armour (worn)
Jewellery
 k - an uncursed ring of magical power {unknown}
 s - a ring of flight (left hand)
Wands
 B - a wand of flame (34/48)
Scrolls
 g - 2 scrolls of amnesia
 C - 2 scrolls of remove curse
Potions
 h - 4 potions of degeneration
 o - a potion of haste
 p - 3 potions of curing
 q - 2 potions of flight
 v - 2 potions of agility
Comestibles
 f - 2 bread rations
 i - 4 fruits
 r - 5 meat rations
 t - a royal jelly


   Skills:
 + Level 6.9 Fighting
 * Level 8.1 Axes
 - Level 3.2 Armour
 + Level 7.5 Shields


You had 8 spell levels left.
You didn't know any spells.

Dungeon Overview and Level Annotations

Branches:
Dungeon (8/15)             Temple (0/1) D:5
   Lair: D:8-11

Altars:
Dithmenos
Elyvilon
Uskayaw
The Shining One

Shops:
D:4 !   D:5 ?

Annotations:
D:7 TheGoonsmith's ghost, novice FoFi


Innate Abilities, Weirdness & Mutations

You cannot be hasted, slowed, berserked, paralysed or teleported.
You can dig through walls and to a lower floor.
Your four strong arms can wield two-handed weapons with a shield.
You have a pair of large antennae on your head. (SInv)


Message History

Your plate armour prevents you from hitting the two-headed ogre.
You hit the hound.
You feel sick.
The orc wizard shouts!
The bullfrog gives a loud, deep croak!
You hear a shout!
You block the hound's attack.
You closely miss the hound.
The hound is almost dead.
You catch the helpless two-headed ogre completely off-guard!
You hit the two-headed ogre.
The bullfrog gives a loud, deep croak!
You block the hound's attack.
The two-headed ogre hits you but does no damage.
The two-headed ogre hits you with a giant club!
* * * LOW HITPOINT WARNING * * *
The hound bites you but does no damage.
You feel better. The hound bites you but does no damage.
The bullfrog barely misses you.
The orc throws a stone.
The stone closely misses the two-headed ogre.
The stone closely misses you. You block the two-headed ogre's attack.
The two-headed ogre hits you with a giant club!
You die...

#.......o. {
{#.........
#.........
{#...al.o.. {
#....Z....
+#####..oO.....
S.....FhOo...#
#(@# #.## #...#
#...# #.#..
#.#.. { #.#..#
. ...# . $#.#


You could see a two-headed ogre, an ogre, a bullfrog, a hound, a worker ant, an
orc wizard, an adder (wandering), 3 orcs, a leopard gecko and a howler monkey
skeleton.

Vanquished Creatures
  The ghost of Caerwyn the Vexing, an amateur GnAM (D:4)
  Sigmund (D:5)
  An orc warrior (D:6)
  An ice beast (D:5)
  2 ogres
  A scorpion (D:6)
  5 killer bees (D:6)
  2 bullfrog skeletons (D:4)
  A bullfrog zombie (D:7)
  2 hounds
  A centaur skeleton (D:7)
  An orc priest (D:4)
  An iguana (D:5)
  4 orc wizards
  4 worker ants
  2 worker ant zombies
  5 adders
  3 shadow imps
  3 oozes
  An adder zombie (D:6)
  2 adder skeletons
  A worm (D:2)
  5 dart slugs
  4 leopard geckos
  20 orcs
  11 bats
  4 giant cockroaches
  6 goblins
  6 hobgoblins
  6 jackals (D:1)
  6 quokkas
  A ball python (D:1)
  2 frilled lizards
  A jackal skeleton (D:4)
  6 kobolds
  A quokka skeleton (D:7)
  10 rats
134 creatures vanquished.

Notes
Turn   | Place    | Note
-------+----------+-------------------------------------------
     0 | D:1      | TheGoonsmith the Formicid Fighter began the quest for the Orb.
     0 | D:1      | Reached XP level 1. HP: 18/18 MP: 1/1
    67 | D:1      | Reached XP level 2. HP: 24/24 MP: 2/2
   250 | D:1      | Reached XP level 3. HP: 21/29 MP: 3/3
   560 | D:1      | Reached skill level 3 in Axes
   823 | D:1      | Reached XP level 4. HP: 35/37 MP: 4/4
  1593 | D:2      | Found a faded altar of an unknown god.
  1593 | D:2      | Found a glowing golden altar of the Shining One.
  1598 | D:2      | Found a faded altar of an unknown god.
  1600 | D:2      | Found a hide-covered altar of Uskayaw.
  1603 | D:2      | Found a white marble altar of Elyvilon.
  1608 | D:2      | Became a worshipper of Uskayaw the Reveler
  1631 | D:2      | Reached * piety under Uskayaw
  1687 | D:2      | Reached XP level 5. HP: 39/42 MP: 5/5
  2341 | D:4      | Noticed Caerwyn's ghost (amateur GnAM)
  2347 | D:4      | Reached ** piety under Uskayaw
  2350 | D:4      | Reached skill level 4 in Axes
  2350 | D:4      | Reached *** piety under Uskayaw
  2352 | D:4      | Reached **** piety under Uskayaw
  2354 | D:4      | Killed Caerwyn's ghost
  2354 | D:4      | Reached skill level 5 in Shields
  2354 | D:4      | Reached XP level 6. HP: 20/50 MP: 6/6
  2543 | D:4      | Reached skill level 5 in Axes
  2543 | D:4      | Reached XP level 7. HP: 55/55 MP: 7/7
  2551 | D:4      | Found a shadowy altar of Dithmenos.
  2568 | D:4      | Reached skill level 5 in Fighting
  3190 | D:4      | Found Assesy's Distillery.
  3198 | D:4      | Bought a potion of degeneration for 10 gold pieces
  3198 | D:4      | Bought a potion of invisibility for 80 gold pieces
  3198 | D:4      | Bought a potion of heal wounds for 50 gold pieces
  3198 | D:4      | Bought a potion of curing for 30 gold pieces
  3295 | D:5      | Entered Level 5 of the Dungeon
  3338 | D:5      | Found Qoakic's Magic Scroll Boutique.
  3348 | D:5      | Noticed Sigmund
  3372 | D:5      | Killed Sigmund
  3372 | D:5      | Reached skill level 6 in Axes
  3372 | D:5      | Reached XP level 8. HP: 38/64 MP: 8/8
  3372 | D:5      | Reached ***** piety under Uskayaw
  3852 | D:5      | Found a staircase to the Ecumenical Temple.
  4213 | D:6      | Reached skill level 7 in Axes
  4890 | D:7      | Reached XP level 9. HP: 31/71 MP: 9/9
  4901 | D:7      | Noticed TheGoonsmith's ghost (novice FoFi)
  5918 | D:6      | Reached skill level 8 in Axes
  6444 | D:8      | Noticed a two-headed ogre
  6460 | D:8      | HP: 1/71 [two-headed ogre/giant club (12)]
  6461 | D:8      | Slain by a two-headed ogre

Vault maps used:
D:1:      dpeg_arrival_prison, nrook_mini_vaults
D:2:      chequers_temple_overflow_minitemple, grunt_ministairs_12
D:4:      kennysheep_slugbush, lemuel_crystal_altar, serial_shops, shop
D:5:      minmay_temple_entry_junction, first_bread, serial_shops, shop,
          uniq_sigmund
D:8:      grunt_livestock, uniq_grum, uniq_maurice, uniq_prince_ribbit1

Skill      XL: |  1  2  3  4  5  6  7  8  9 |
---------------+----------------------------+-----
Shields        | 4 5 6 7 |  7.5
Axes           | 3 4 5 6 7 8 |  8.1
Fighting       | 4 5 6 |  6.9
Armour         | |  3.2

Action                   |  1- 3 |  4- 6 |  7- 9 || total
-------------------------+-------+-------+-------++-------
Melee: War axe           |    95 |   115 |   288 ||   498
  Use: Potion            |       |     1 |    10 ||    11
       Scroll            |       |       |     9 ||     9
 Stab: Paralysed         |       |     3 |    16 ||    19
       Invisible         |       |       |     5 ||     5
  Eat: Chunk             |       |     6 |     7 ||    13
       Bread ration      |       |       |     1 ||     1
       Royal jelly       |       |       |     1 ||     1
Armor: Scale mail        |    58 |    54 |     6 ||   118
       Chain mail        |       |       |    19 ||    19
       Plate armour      |       |       |   116 ||   116
Dodge: Dodged            |    29 |    47 |    84 ||   160
Block: Shield            |    63 |    60 |   232 ||   355

Table legend:
 A = Spawn XP
 B = Non-spawn XP
 C = Spawn XP percentage of total XP
 D = Spawn monster count
 E = Non-spawn monster count
 F = Spawn count percentage of total count
 G = Total turns spent on level
                    A         B        C        D         E        F      G
               +---------+---------+-------+---------+---------+-------+---------
         Total |       0 |    2356 |   0.0 |       0 |     134 |   0.0 |  6461
               +---------+---------+-------+---------+---------+-------+---------
           D:1 |       0 |      73 |   0.0 |       0 |      33 |   0.0 |  1139
           D:2 |       0 |      66 |   0.0 |       0 |      20 |   0.0 |   635
           D:3 |       0 |      25 |   0.0 |       0 |       8 |   0.0 |   736
           D:4 |       0 |     627 |   0.0 |       0 |      26 |   0.0 |   785
           D:5 |       0 |     480 |   0.0 |       0 |      12 |   0.0 |   692
           D:6 |       0 |     821 |   0.0 |       0 |      28 |   0.0 |  2212
           D:7 |       0 |     264 |   0.0 |       0 |       7 |   0.0 |   245
               +---------+---------+-------+---------+---------+-------+---------
